 Dungeon Crawl Stone Soup version 0.30.1-9-gdf580d7c3d (webtiles) character file.

Game seed: 15595458993345656974

2 Ivernyr the Twirler (level 1, 0/11 HPs)
             Began as a Vine Stalker Gladiator on Sept 26, 2023.
             Slain by a quokka (3 damage)
             ... on level 1 of the Dungeon.
             The game lasted 00:00:32 (77 turns).

Ivernyr the Twirler (Vine Stalker Gladiator)          Turns: 77, Time: 00:00:33

Health: 0/11       AC:  4    Str: 16    XL:     1   Next: 30%
Magic:  0/2        EV: 12    Int:  8    God:
Gold:   15         SH:  0    Dex: 15    Spells: 0/0 levels left

rFire   . . .        a - +0 quarterstaff
rCold   . . .        (shield currently unavailable)
rNeg    . . .        b - +0 leather armour
rPois   .            c - +0 helmet
rElec   .            (no cloak)
rCorr   .            (no gloves)
SInv    .            (no boots)
Will    .....        (no amulet)
Stlth   +            (no ring)
HPRegen 0.21/turn    (no ring)
MPRegen 0.08/turn

%: guardian spirit
@: no status effects
A: fangs 2, magic shield, antimagic bite, no potion heal 2
a: no special abilities


You were on level 1 of the Dungeon.
You visited 1 branch of the dungeon, and saw 1 of its levels.

You collected 15 gold pieces.

Inventory:

Hand Weapons
 a - a +0 quarterstaff (weapon)
Missiles
 d - 3 throwing nets (quivered)
 e - a javelin
Armour
 b - a +0 leather armour (worn)
 c - a +0 helmet (worn)


   Skills:
 + Level 1.8 Fighting
 * Level 2.7 Staves
 - Level 1.7 Throwing
 + Level 0.0 Armour
 + Level 2.4 Dodging


You couldn't memorise any spells.
You didn't know any spells.
Your spell library was empty.

Dungeon Overview and Level Annotations

Branches:
Dungeon (1/15)

Altars:


Innate Abilities, Weirdness & Mutations

You have extremely sharp teeth.
When hurt, damage is shared between your health and your magic reserves.
Your bite disrupts and absorbs the magic of your enemies.
Potions cannot restore your health.


Message History

You now have 8 gold pieces.
Found a robe.
Found 2 stones.
You see here a +0 robe.
Found a ring mail.
You now have 15 gold pieces (gained 7).
Found a sling.
You see here a +0 sling.
A giant cockroach comes into view.
You closely miss the giant cockroach.
The giant cockroach bites you but does no damage.
You hit the giant cockroach. You bite the giant cockroach.
You kill the giant cockroach!
A hobgoblin comes into view.
Found a book of the Hunter.
The hobgoblin shouts!
A ball python comes into view.
A quokka comes into view.
The ball python hisses angrily.
The ball python closely misses you. The ball python misses you.
The ball python bites you but does no damage.
The ball python grabs you. The ball python constricts you.
You escape the ball python's grasp.
The hobgoblin attacks as you move away! The hobgoblin hits you.
The ball python attacks as you move away!
The ball python barely misses you. The ball python misses you.
The hobgoblin attacks as you move away! The hobgoblin hits you.
The ball python attacks as you move away!
The ball python bites you but does no damage.
The ball python barely misses you. The hobgoblin hits you.
The hobgoblin attacks as you move away! The hobgoblin misses you.
The ball python barely misses you. x2
You closely miss the ball python. The ball python barely misses you.
The ball python closely misses you.
You hit the ball python.
You kill the ball python!
The quokka bites you.
* * * LOW HITPOINT WARNING * * *
You barely miss the quokka. The quokka bites you.
You die...

##...######...###
###.....:..
.......#########
##...#...#..
...........#...###
#...........
...⌠....##...[...#
#...#####...
........######..## #...#
..
.......##.......(###...#
.
##...###).#[..#.###..###
##### #.#########..##
#........@rg##
#############


You could see a quokka and a hobgoblin.

Vanquished Creatures
  A giant cockroach (D:1)
  A ball python (D:1)
2 creatures vanquished.

Notes
Turn   | Place    | Note
-------+----------+-------------------------------------------
     0 | D:1      | Ivernyr the Vine Stalker Gladiator began the quest for the
                  | Orb.
     0 | D:1      | Reached XP level 1. HP: 11/11 MP: 2/2
    77 | D:1      | Slain by a quokka

Illustrated notes

Levels and vault maps discovered:
D:1:      dpeg_arrival_three_same_balls, layout_rooms,
          dreamdust_ecumenical_altar_drowned_temple

Action                     || total
---------------------------++-------
  Melee: Quarterstaff      ||     5
         Bite              ||     1
 Armour: Leather armour    ||     3
  Dodge: Dodged            ||    10
